 Dungeon Crawl Stone Soup version 0.29-a0-821-g66395355a5 (webtiles) character file.

Game seed: 16208607280773416933

8773 jfcaron the Grappler (level 11, -4/163 HPs)
             Began as a Troll Gladiator on July 7, 2022.
             Was a High Priest of Fedhas.
             Slain by an unseen horror (8 damage)
             ... on level 10 of the Dungeon.
             The game lasted 00:22:47 (9100 turns).

jfcaron the Grappler (Troll Gladiator)              Turns: 9100, Time: 00:22:47

Health: -4/163     AC:  6    Str: 28    XL:     11   Next: 14%
Magic:  14/14      EV: 12    Int:  4    God:    Fedhas [*****.]
Gold:   641        SH:  0    Dex: 11    Spells: 10/10 levels left

rFire   + . .      SeeInvis +     - Unarmed
rCold   . . .      Faith    +   (no shield)
rNeg    + . .      Spirit   .   r - +1 robe of the Comet {rF+ rN+ Stlth+}
rPois   .          Reflect  .   b - +1 hat
rElec   .          Harm     .   (no cloak)
rCorr   .          Rampage  .   (gloves unavailable)
Will    .....                   (boots unavailable)
Stlth   ..........              L - amulet of faith
HPRegen 1.17/turn               j - ring of see invisible
MPRegen 0.14/turn               (no ring)

@: berserking (expiring), slowed
A: large, unfitting armour, claws 3, regeneration 1, shaggy fur 1, tough skin 1
a: Renounce Religion, Wall of Briars, Grow Ballistomycete, Overgrow, Grow Oklob


You were on level 10 of the Dungeon.
You worshipped Fedhas.
Fedhas was extremely pleased with you.
You visited 2 branches of the dungeon, and saw 11 of its levels.

You collected 641 gold pieces.

Inventory:

Hand Weapons
 i - a +5 dagger
 q - a +1 mace of holy wrath
 C - a +2 hand axe of flaming
 D - a +0 quarterstaff of distortion
 H - a +1 dagger of electrocution
 K - a +2 flail of protection
Missiles
 c - 3 throwing nets {!f}
 d - a large rock {!f}
 e - 6 javelins
 p - 7 boomerangs
 E - 11 stones
 F - 8 poisoned darts
Armour
 b - a +1 hat (worn)
 r - the +1 robe of the Comet (worn) {rF+ rN+ Stlth+}
   (You found it on level 10 of the Dungeon)

   rF:        It protects you from fire.
   rN:        It protects you from negative energy.
   Stlth:     It makes you more stealthy.
Jewellery
 j - a ring of see invisible (left claw)
 L - an amulet of faith (around neck)
Wands
 G - a wand of quicksilver (15)
 J - a wand of flame (18)
Scrolls
 f - 7 scrolls of teleportation
 g - a scroll of poison
 k - a scroll of enchant armour
 s - 2 scrolls of fog
 B - 3 scrolls of fear
 M - 2 scrolls of identify
Potions
 h - a potion of mutation {unknown}
 l - a potion of berserk rage
 m - 2 potions of brilliance {unknown}
 n - a potion of resistance {unknown}
 o - 2 potions of flight
 t - 4 potions of cancellation {unknown}
 u - a potion of magic {unknown}
 v - 3 potions of haste {unknown}
 w - a potion of degeneration {unknown}
 z - a potion of lignification {unknown}
 A - a potion of might {unknown}
 I - a potion of attraction {unknown}


   Skills:
 + Level 7.3 Fighting
 - Level 5.0 Throwing
 + Level 7.5 Dodging
 + Level 9.0 Unarmed Combat
 + Level 6.3 Invocations
 + Level 2.8 Evocations


You had 10 spell levels left.
You didn't know any spells.
Your spell library contained the following spells:

 Spells                   Type           Power      Damage    Failure   Level
 Shock                    Conj/Air       0%         1d3       50%         1
 Sting                    Tmut/Pois      0%         1d3       50%         1
 Poisonous Vapours        Pois/Air       0%         N/A       65%         2
 Static Discharge         Conj/Air       0%         3-3/arc   65%         2
 Frozen Ramparts          Ice            0%         1d2       86%         3
 Swiftness                Air            0%         N/A       86%         3
 Airstrike                Air            0%         0-1+      99%         4
 Dispel Undead            Necr           0%         3d6       99%         4
 Ice Form                 Ice/Tmut       0%         N/A       99%         4
 Olgreb's Toxic Radiance  Pois           0%         N/A       99%         4
 Sticky Flame             Conj/Fire      0%         2d3       99%         4
 Summon Ice Beast         Ice/Summ       0%         N/A       99%         4


Dungeon Overview and Level Annotations

Branches:
Dungeon (10/15)            Temple (1/1) D:4            Lair (0/6) D:10
    Orc: D:9-12

Altars:
Ashenzari
Cheibriados
Dithmenos
Elyvilon
Fedhas
Gozag
Hepliaklqana
Kikubaaqudgha
Makhleb
Nemelex Xobeh
Okawaru
Qazlal
Ru
Sif Muna
Trog
Uskayaw
Vehumet
Wu Jian
Xom
Yredelemnul
Zin
The Shining One

Shops:
D:5 *


Innate Abilities, Weirdness & Mutations

You are too large for most types of armour.
You have claws for hands.
Your natural rate of healing is unusually fast.
You are covered in fur. (AC +1)
You have tough skin. (AC +1)


Message History

The hornet stings you.
* * * LOW HITPOINT WARNING * * *
You feel yourself slow down.
Unknown command.
You feel yourself speed up.
You feel sick.
The hornet looks more healthy.
The unseen horror barely misses you. The hornet stings you!
* * * LOW HITPOINT WARNING * * *
You feel yourself slow down.
Unknown command.
Okay, then.
Unknown command.
Okay, then.
Okay, then.
Unknown command.
Okay, then.
A red film seems to cover your vision as you go berserk!
You feel yourself moving faster!
You feel mighty!
You feel sick. The unseen horror hits you.
* * * LOW HITPOINT WARNING * * *
The hornet closely misses you. The hornet completely misses you.
The hornet stings you.
* * * LOW HITPOINT WARNING * * *
You feel as though you will be slow longer.
You claw the hornet!
You kill the hornet!
Fedhas appreciates your contribution to the ecosystem.
You feel sick. The unseen horror barely misses you. The unseen horror hits you.
* * * LOW HITPOINT WARNING * * *
Your Unarmed Combat skill increases to level 9!
You closely miss the unseen horror.
You feel sick.
You are no longer poisoned.
The unseen horror hits you.
* * * LOW HITPOINT WARNING * * *
You are too berserk!
Okay, then.
You are too berserk!
The unseen horror hits you!
You die...
Fedhas appreciates your contribution to the ecosystem.

.PP..PPP...................
P...PP.P......#####.......†
......P..........##........
PP..PP...................##
PPP.P..P.....).......#...#
P..P.....)...........#...#
.....P....#.†.......[#####
P.....P...#.....######
P.....#..x@........
.......†...........#
.........†...........
...$....)...##........
........(...##........
##......(...........##
#....).(....... #
####......>....
#...........


You could see an unseen horror (invisible).

Vanquished Creatures
  2 two-headed ogres
  Amaemon (D:10)
  Joseph (D:7)
  An orange demon (D:10)
  A hornet (D:10)
  Prince Ribbit (D:5)
  2 wyverns (D:8)
  4 yaks
  A steam dragon (D:7)
  3 water moccasins
  2 acid dragons
  3 black bears
  2 ice beasts
  3 sky beasts
  5 orc warriors
  A centaur (D:10)
  A phantom (D:5)
  2 kobold brigands
  2 bullfrogs (D:10)
  A scorpion (D:5)
  A gnoll sergeant (D:10)
  3 necrophages
  20 wights
  4 killer bees (D:8)
  5 howler monkeys
  4 hounds
  A gnoll bouda (D:7)
  5 jellies
  8 orc priests
  3 iguanas
  13 orc wizards
  9 adders
  8 gnolls
  3 shadow imps
  An ufetubus (D:6)
  A worm (D:2)
  3 dart slugs
  32 orcs
  4 bats
  9 endoplasms
  6 giant cockroaches
  7 goblins
  5 hobgoblins
  13 jackals
  3 quokkas
  3 ball pythons
  A frilled lizard (D:1)
  15 kobolds
  4 rats
  16 fungi
  20 plants (D:10)
269 creatures vanquished.

Notes
Turn   | Place    | Note
-------+----------+-------------------------------------------
     0 | D:1      | jfcaron the Troll Gladiator began the quest for the Orb.
     0 | D:1      | Reached XP level 1. HP: 19/19 MP: 0/0
   259 | D:1      | You fall into a shaft and drop 1 floor!
   365 | D:1      | Found a faded altar of an unknown god.
   386 | D:1      | Reached XP level 2. HP: 26/28 MP: 1/1
   872 | D:2      | Reached XP level 3. HP: 35/35 MP: 2/2
  1340 | D:3      | Reached XP level 4. HP: 44/44 MP: 3/3
  1477 | D:3      | Reached skill level 4 in Unarmed Combat
  1574 | D:3      | Reached XP level 5. HP: 50/50 MP: 4/4
  1786 | D:3      | Noticed a black bear
  1794 | D:3      | Killed a black bear
  1946 | D:4      | Found a staircase to the Ecumenical Temple.
  1952 | Temple   | Entered the Ecumenical Temple
  2396 | Temple   | Became a worshipper of Fedhas Madash
  2620 | D:4      | Reached XP level 6. HP: 61/61 MP: 5/5
  3257 | D:5      | Entered Level 5 of the Dungeon
  3449 | D:5      | Found a sacrificial altar of Ru.
  3466 | D:5      | Reached skill level 1 in Invocations
  3470 | D:5      | Reached XP level 7. HP: 46/67 MP: 5/7
  3470 | D:5      | Reached * piety under Fedhas
  3477 | D:5      | Reached skill level 5 in Unarmed Combat
  3626 | D:5      | Noticed Prince Ribbit
  3668 | D:5      | Killed Prince Ribbit
  3777 | D:5      | Reached XP level 8. HP: 77/78 MP: 8/8
  3892 | D:5      | Found Riyts's Lightly-Used Armoury.
  4392 | D:6      | Reached skill level 6 in Unarmed Combat
  4650 | D:6      | Reached ** piety under Fedhas
  4738 | D:6      | Reached skill level 5 in Dodging
  5053 | D:7      | Found a sparkling altar of Nemelex Xobeh.
  5223 | D:6      | Reached XP level 9. HP: 35/87 MP: 10/10
  5291 | D:6      | Reached skill level 5 in Fighting
  5294 | D:7      | Noticed Joseph
  5300 | D:7      | Killed Joseph
  5303 | D:7      | HP: 17/88 [orc warrior/+0 trident (10)]
  5549 | D:7      | Reached skill level 5 in Throwing
  5718 | D:7      | Reached skill level 7 in Unarmed Combat
  5920 | D:8      | Noticed a two-headed ogre
  5932 | D:8      | Killed a two-headed ogre
  5933 | D:8      | Reached skill level 5 in Invocations
  6309 | D:8      | Reached XP level 10. HP: 77/98 MP: 12/12
  6465 | D:8      | Reached *** piety under Fedhas
  6483 | D:8      | HP: 17/98 [orc warrior/+2 short sword of venom (12)]
  7333 | D:9      | Reached skill level 8 in Unarmed Combat
  7533 | D:9      | Reached skill level 1 in Evocations
  7628 | D:9      | Reached **** piety under Fedhas
  8163 | D:8      | HP: 10/99 [yak (15)]
  8508 | D:10     | Entered Level 10 of the Dungeon
  8513 | D:10     | Identified the +0 leather armour of Exclusion {rF- Str+4
                  | Int+5 Dex+3}
  8637 | D:10     | Noticed Amaemon
  8639 | D:10     | Noticed an orange demon
  8652 | D:10     | Killed an orange demon
  8668 | D:10     | HP: 19/95 [poisoned by Amaemon]
  8668 | D:10     | HP: 5/95 [Amaemon/-1 demon whip of venom (14)]
  8672 | D:10     | HP: 2/95 [Amaemon/-1 demon whip of venom (3)]
  8677 | D:10     | HP: 19/95 [Amaemon/-1 demon whip of venom (3)]
  8678 | D:10     | Killed Amaemon
  8931 | D:10     | Reached ***** piety under Fedhas
  8973 | D:10     | Reached XP level 11. HP: 90/109 MP: 14/14
  9038 | D:10     | Identified the +1 robe of the Comet {rF+ rN+ Stlth+}
  9072 | D:10     | Found a staircase to the Lair.
  9081 | D:10     | Noticed a two-headed ogre
  9088 | D:10     | Killed a two-headed ogre
  9096 | D:10     | HP: 12/109 [hornet (13)]
  9099 | D:10     | Reached skill level 9 in Unarmed Combat
  9099 | D:10     | HP: 2/163 [unseen horror (6)]
  9100 | D:10     | Slain by an unseen horror

Illustrated notes

Levels and vault maps discovered:
D:1:      dpeg_arrival_arbitrary_a, layout_loops_ring, basic_ecumenical_altar
D:2:      layout_rooms, kennysheep_generic_room_14
D:3:      minmay_general_purpose_star, layout_rooms
D:4:      layout_basic, minmay_temple_entry_hall
D:5:      layout_basic, old_standard_altar, minmay_shop_damaged,
          uniq_prince_ribbit1
D:6:      layout_loops_ring
D:7:      layout_rooms, mainiacjoe_overflow_boulevard, uniq_joseph
D:8:      layout_cave_pods
D:9:      layout_rooms, grunt_ministairs_9
D:10:     layout_cross, due_lair_maze_entry_diamond, serial_gnoll_camp,
          gnoll_camp_medium_02, gnoll_camp_mini_hut, gnoll_camp_mini_loothouse,
          gnoll_camp_medium_01, uniq_amaemon
Temple:   mainiacjoe_temple_big_plus

Skill      XL: |  1  2  3  4  5  6  7  8  9 10 11 |
---------------+----------------------------------+-----
Throwing       | 2 3 4 5 |  5.0
Fighting       | 2 3 4 6 7 |  7.3
Dodging        | 3 4 5 6 7 |  7.5
Unarmed Combat | 4 5 6 7 8 9 |  9.0
Invocations    | 1 2 3 5 6 |  6.3
Evocations     | 2 |  2.8

Action                   |  1- 3 |  4- 6 |  7- 9 | 10-12 || total
-------------------------+-------+-------+-------+-------++-------
Melee: Unarmed           |   111 |   133 |   197 |   249 ||   690
       Punch             |     1 |     5 |     7 |    14 ||    27
Throw: Stone             |     6 |       |    31 |    20 ||    57
       Large rock        |       |       |     5 |     3 ||     8
       Boomerang         |       |       |     1 |    33 ||    34
       Javelin           |       |       |       |     4 ||     4
       Dart              |       |       |       |     3 ||     3
Invok: Wall of Briars    |       |       |     2 |     1 ||     3
Evoke: Wand              |       |       |     5 |     4 ||     9
  Use: Scroll            |       |     9 |     4 |     1 ||    14
       Potion            |       |       |       |     8 ||     8
 Stab: Sleeping          |     4 |     1 |     3 |       ||     8
       Distracted        |     1 |       |       |       ||     1
Armor: Robe              |    36 |    35 |    38 |    47 ||   156
Dodge: Dodged            |    56 |    56 |   115 |   144 ||   371

Table legend: (Time is in decaauts)
 A = Elapsed time spent in this place.
 B = Non-inter-level travel time spent in this place.
 C = Inter-level travel time spent in this place.
 D = Time resting spent in this place.
 E = Time spent auto-exploring this place.
 F = Levels seen in this place.
 G = Mean time per level.
                   A        B        C        D        E       F      G
               +--------+--------+--------+--------+--------+-----+--------+
         Total |   9041 |   8625 |    416 |   1347 |   5495 |  11 |  821.9 |
       Dungeon |   8566 |   8234 |    332 |   1347 |   5111 |  10 |  856.6 |
        Temple |    474 |    390 |     84 |      0 |    384 |   1 |  474.0 |
               +--------+--------+--------+--------+--------+-----+--------+

Top non-repeatable levels by time:
     D:8: 1690 daAuts
     D:6: 1154 daAuts
     D:9: 1022 daAuts
     D:5: 853 daAuts
     D:4: 853 daAuts
     D:1: 846 daAuts
     D:3: 652 daAuts
     D:7: 549 daAuts
    D:10: 509 daAuts
  Temple: 474 daAuts
     D:2: 434 daAuts
